 Dungeon Crawl Stone Soup version 0.30-a0-989-g0d87f670db (webtiles) character file.

Game seed: 9432751094898666137

29 greasedhog the Shield-Bearer (level 3, -2/36 HPs)
             Began as a Troll Fighter on Apr 3, 2023.
             Slain by a gnoll
             ... wielding a +0 spear
              (3 damage)
             ... on level 2 of the Dungeon.
             The game lasted 00:01:55 (757 turns).

greasedhog the Shield-Bearer (Troll Fighter)         Turns: 757, Time: 00:01:56

Health: -2/36      AC:  4    Str: 24    XL:     3   Next: 1%
Magic:  2/2        EV:  8    Int:  6    God:
Gold:   58         SH:  7    Dex:  9    Spells: 2/2 levels left

rFire   . . .      SeeInvis .      - Unarmed
rCold   . . .      Faith    .    b - +0 kite shield
rNeg    . . .      Spirit   .    a - +0 robe
rPois   .          Reflect  .    (helmet restricted)
rElec   .          Rampage  .    (no cloak)
rCorr   .                        (gloves unavailable)
Will    .....                    (boots unavailable)
Stlth   +                        (no amulet)
HPRegen 1.06/turn                (no ring)
MPRegen 0.08/turn                (no ring)

@: no status effects
A: large, unfitting armour, claws 3, regeneration 1, shaggy fur 1, tough skin 1
a: no special abilities


You were on level 2 of the Dungeon.
You visited 1 branch of the dungeon, and saw 2 of its levels.

You collected 58 gold pieces.

Inventory:

Missiles
 f - 2 poisoned darts (quivered)
Armour
 a - a +0 robe (worn)
 b - a +0 kite shield (worn)
Scrolls
 e - a scroll of magic mapping
 g - a scroll of immolation {unknown}
 h - a scroll of silence {unknown}
 l - a scroll of vulnerability {unknown}
Potions
 c - a potion of might
 i - a potion of haste
 j - a potion of curing {unknown}
 k - 2 potions of brilliance {unknown}


   Skills:
 + Level 2.7 Fighting
 - Level 2.4 Dodging
 + Level 3.0 Shields
 * Level 2.9 Unarmed Combat


You had 2 spell levels left.
You didn't know any spells.
Your spell library was empty.

Dungeon Overview and Level Annotations

Branches:
Dungeon (2/15)

Altars:


Innate Abilities, Weirdness & Mutations

You are too large for most types of armour.
You have claws for hands.
Your natural rate of healing is unusually fast.
You are covered in fur. (AC +1)
You have tough skin. (AC +1)


Message History

A gnoll comes into view. It is wielding a +0 spear.
The gnoll shouts!
You hear a shout!
A gnoll comes into view. It is wielding a +0 club.
A gnoll comes into view. It is wielding a +0 spear.
Found 13 gold pieces.
You claw the rat!
You kill the rat!
The gnoll hits you with a +0 spear.
There is a stone staircase leading down here.
You scratch the gnoll.
The gnoll is moderately wounded.
You block the gnoll's attack.
A goblin comes into view. It is wielding a +0 club.
You block the gnoll's attack.
You scratch the gnoll.
The gnoll is heavily wounded.
The gnoll hits you with a +0 club. The gnoll hits you with a +0 spear. x2
You barely miss the gnoll.
The gnoll is heavily wounded.
The gnoll barely misses you. The gnoll hits you with a +0 spear!
The gnoll hits you with a +0 spear.
You are too injured to fight recklessly!
You are too injured to fight recklessly!
You are too injured to fight recklessly!
You block the gnoll's attack. x2
The gnoll hits you from afar with a +0 spear.
The gnoll attacks as you move away! You block the gnoll's attack.
You claw the gnoll!
The gnoll is almost dead.
You block the gnoll's attack. x2
You barely miss the gnoll.
The gnoll is almost dead.
The gnoll hits you with a +0 club!
The gnoll hits you from afar with a +0 spear.
The gnoll hits you with a +0 club!
* * * LOW HITPOINT WARNING * * *
The gnoll hits you from afar with a +0 spear!
* * * LOW HITPOINT WARNING * * *
The gnoll hits you from afar with a +0 spear.
You die...

#......###.##
...#.>##......#
#...#######..#######
##.... #........# ##.#.
#<.......# #. #.#.##
#........# #. #.#..#
##..####### ####.##
#.##.###...#
......###.##ggg@...#####
###.....##.#..g##.......#
....##.......####.......#
........................#
.......#..#######.......#
......>......# #.......#
.......†###..# ####.####
.......... ....# #.#
......).### .#.# #.#


You could see 3 gnolls and a goblin.

Vanquished Creatures
  A worm (D:2)
  3 endoplasms (D:1)
  3 giant cockroaches
  A goblin (D:1)
  3 hobgoblins (D:1)
  2 quokkas
  A ball python (D:1)
  2 bats (D:1)
  4 kobolds (D:1)
  3 rats
23 creatures vanquished.

Notes
Turn   | Place    | Note
-------+----------+-------------------------------------------
     0 | D:1      | greasedhog the Troll Fighter began the quest for the Orb.
     0 | D:1      | Reached XP level 1. HP: 22/22 MP: 0/0
   221 | D:1      | Reached XP level 2. HP: 29/29 MP: 1/1
   682 | D:2      | Reached skill level 3 in Shields
   724 | D:2      | Reached XP level 3. HP: 36/36 MP: 2/2
   757 | D:2      | HP: 1/36 [gnoll/+0 spear (7)]
   757 | D:2      | Slain by a gnoll

Illustrated notes

Levels and vault maps discovered:
D:1:      lemuel_arrival_broad_hall, layout_basic
D:2:      layout_rooms

Skill      XL: |  1  2 |
---------------+-------+-----
Shields        | 3 |  3.0
Fighting       | |  2.7
Dodging        | |  2.4
Unarmed Combat | |  2.9

Action                     || total
---------------------------++-------
  Melee: Unarmed           ||    67
    Use: Scroll            ||     2
   Stab: Sleeping          ||     1
 Armour: Robe              ||    22
  Dodge: Dodged            ||    21
  Block: Kite shield       ||    23

Table legend: (Time is in decaauts)
 A = Elapsed time spent in this place.
 B = Non-inter-level travel time spent in this place.
 C = Inter-level travel time spent in this place.
 D = Time resting spent in this place.
 E = Time spent auto-exploring this place.
 F = Levels seen in this place.
 G = Mean time per level.
                   A        B        C        D        E       F      G
               +--------+--------+--------+--------+--------+-----+--------+
         Total |    763 |    742 |     21 |      0 |    561 |   2 |  381.5 |
       Dungeon |    763 |    742 |     21 |      0 |    561 |   2 |  381.5 |
               +--------+--------+--------+--------+--------+-----+--------+

Top non-repeatable levels by time:
     D:1: 671 daAuts
     D:2: 91 daAuts
